TOP OF THE 1ST |
Memphis Redbirds batting - Pitching for Portland Privateers : RHP Blaine Yarbrough
|
Pitching: RHP Blaine Yarbrough
|
|
Batting: RHB Stan Taylor
|
0-0: Ball 1-0: Ball 2-0: Called Strike 2-1: DOUBLE (Line Drive, 89D)
|
Batting: LHB Milo Powers
|
0-0: Called Strike 0-1: Ground out 6-3 (Groundball, 6) Stan Taylor to third
|
Batting: SHB José Cruz
|
0-0: SINGLE (Groundball, 56D) Stan Taylor scores
|
Batting: SHB Javier Peña
|
0-0: SINGLE (Flyball, 8LS) José Cruz to second Runner from 2nd tries for 3rd, SAFE, no throw
|
Batting: RHB Will Sterling
|
0-0: Fly out, F4 (Popup, 4)
|
Batting: RHB Desi Thompson
|
0-0: Called Strike 0-1: Ball 1-1: Swinging Strike 1-2: Foul Ball, location: 2F 1-2: Strikes out swinging
|
Top of the 1st over - 1 run, 3 hits, 0 errors, 2 left on base; Memphis 1 - Portland 0 |
BOTTOM OF THE 1ST |
Portland Privateers batting - Pitching for Memphis Redbirds : RHP Ray Johnston
|
Pitching: RHP Ray Johnston
|
|
Batting: RHB Chris Adams
|
0-0: Ball 1-0: Ground out 6-3 (Groundball, 6)
|
Batting: RHB Edward Holloway
|
0-0: Ball 1-0: Ball 2-0: Ball 3-0: Called Strike 3-1: Foul Ball, location: 2F 3-2: Foul Ball, location: 2F 3-2: Ground out 4-3 (Groundball, 4D)
|
Batting: SHB Héctor Jiménez
|
0-0: DOUBLE (Line Drive, 7LS)
|
Batting: RHB Carlos Castro
|
0-0: Ball 1-0: Ball 2-0: Ground out U3 (Groundball, 3)
|
Bottom of the 1st over - 0 runs, 1 hit, 0 errors, 1 left on base; Memphis 1 - Portland 0 |
TOP OF THE 2ND |
Memphis Redbirds batting - Pitching for Portland Privateers : RHP Blaine Yarbrough
|
Batting: RHB Rusty Bennett
|
0-0: Ball 1-0: Called Strike 1-1: Ball 2-1: Swinging Strike 2-2: Foul Ball, location: 2F 2-2: Foul Ball, location: 2F 2-2: Strikes out looking
|
Batting: LHB Dudley Cooper
|
0-0: Fly out, F9 (Flyball, 89S)
|
Batting: SHB Lewis Woods
|
0-0: Ball 1-0: Foul Ball, location: 2F 1-1: Ball 2-1: Ball 3-1: Fly out, F6 (Popup, 6D)
|
Top of the 2nd over - 0 runs, 0 hits, 0 errors, 0 left on base; Memphis 1 - Portland 0 |
BOTTOM OF THE 2ND |
Portland Privateers batting - Pitching for Memphis Redbirds : RHP Ray Johnston
|
Batting: LHB Yasuhiko Onodera
|
0-0: Ball 1-0: Ball 2-0: Ball 3-0: Called Strike 3-1: Foul Ball, location: 2F 3-2: SINGLE (Groundball, 4D)
|
Batting: RHB Joe Bailey
|
0-0: Ball 1-0: Ball 2-0: Ball 3-0: Called Strike 3-1: Ground out U3 (Groundball, 3S) Yasuhiko Onodera to second
|
Batting: SHB Patrick Larson
|
0-0: Called Strike 0-1: Fly out, F4 (Line Drive, 4M)
|
Batting: LHB Jeff Dorney
|
0-0: SINGLE (Groundball, 4MD) Yasuhiko Onodera to third Runner from 3rd tries for Home, SAFE, no throw
|
Batting: RHB Luis Pineda
|
0-0: Ball Wild Pitch! Jeff Dorney to second 1-0: Ground out 1-3 (Groundball, 15S)
|
Bottom of the 2nd over - 1 run, 2 hits, 0 errors, 1 left on base; Memphis 1 - Portland 1 |
TOP OF THE 3RD |
Memphis Redbirds batting - Pitching for Portland Privateers : RHP Blaine Yarbrough
|
Batting: RHB Stan Taylor
|
0-0: Ball 1-0: Ball 2-0: Ball 3-0: Called Strike 3-1: Ground out 5-3 (Groundball, 56)
|
Pitching: RHP Gabe Lewis
|
|
Batting: LHB Milo Powers
|
0-0: Swinging Strike 0-1: Ball 1-1: Called Strike 1-2: Strikes out swinging
|
Batting: SHB José Cruz
|
0-0: Called Strike 0-1: Ball 1-1: Ball 2-1: Ball 3-1: Base on Balls
|
Batting: SHB Javier Peña
|
Pickoff Throw to First - Out!
|
Top of the 3rd over - 0 runs, 0 hits, 0 errors, 0 left on base; Memphis 1 - Portland 1 |
BOTTOM OF THE 3RD |
Portland Privateers batting - Pitching for Memphis Redbirds : RHP Ray Johnston
|
Batting: RHB Chris Adams
|
0-0: Ball 1-0: Called Strike 1-1: Swinging Strike 1-2: Ball 2-2: Ball 3-2: Foul Ball, location: 2F 3-2: Fly out, F4 (Popup, 4M)
|
Batting: RHB Edward Holloway
|
0-0: Ball 1-0: Ball 2-0: Ball 3-0: Base on Balls
|
Batting: SHB Héctor Jiménez
|
0-0: Called Strike 0-1: Ball Edward Holloway is caught stealing 2nd base 1-1: Fly out, F8 (Line Drive, 8RXD)
|
Bottom of the 3rd over - 0 runs, 0 hits, 0 errors, 0 left on base; Memphis 1 - Portland 1 |
TOP OF THE 4TH |
Memphis Redbirds batting - Pitching for Portland Privateers : RHP Gabe Lewis
|
Batting: SHB Javier Peña
|
0-0: Swinging Strike 0-1: Foul Ball, location: 2F 0-2: Ball 1-2: Ball 2-2: Strikes out looking
|
Batting: RHB Will Sterling
|
0-0: Swinging Strike 0-1: Ball 1-1: Swinging Strike 1-2: Ball 2-2: Ball 3-2: Ground out 5-3 (Groundball, 56)
|
Batting: RHB Desi Thompson
|
0-0: Fly out, F9 (Flyball, 9S)
|
Top of the 4th over - 0 runs, 0 hits, 0 errors, 0 left on base; Memphis 1 - Portland 1 |
BOTTOM OF THE 4TH |
Portland Privateers batting - Pitching for Memphis Redbirds : RHP Ray Johnston
|
Batting: RHB Carlos Castro
|
0-0: Ball 1-0: Called Strike 1-1: SOLO HOME RUN (Flyball, 7LD), Distance : 345 ft
|
Batting: LHB Yasuhiko Onodera
|
0-0: Ball 1-0: Ground out 6-3 (Groundball, 6)
|
Batting: RHB Joe Bailey
|
0-0: Ground out 6-3 (Groundball, 6)
|
Batting: SHB Patrick Larson
|
0-0: Fly out, F8 (Flyball, 8RXD)
|
Bottom of the 4th over - 1 run, 1 hit, 0 errors, 0 left on base; Memphis 1 - Portland 2 |
TOP OF THE 5TH |
Memphis Redbirds batting - Pitching for Portland Privateers : RHP Gabe Lewis
|
Batting: RHB Rusty Bennett
|
0-0: Swinging Strike 0-1: Ball 1-1: Ball 2-1: Fly out, F4 (Line Drive, 4M)
|
Batting: LHB Dudley Cooper
|
0-0: Fly out, F9 (Line Drive, 9)
|
Batting: SHB Lewis Woods
|
0-0: Called Strike 0-1: Swinging Strike 0-2: Strikes out swinging
|
Top of the 5th over - 0 runs, 0 hits, 0 errors, 0 left on base; Memphis 1 - Portland 2 |
BOTTOM OF THE 5TH |
Portland Privateers batting - Pitching for Memphis Redbirds : RHP Ray Johnston
|
Batting: LHB Jeff Dorney
|
0-0: Called Strike 0-1: Foul Ball, location: 2F 0-2: Strikes out swinging
|
Batting: RHB Luis Pineda
|
0-0: Ball 1-0: Swinging Strike 1-1: Ball 2-1: Foul Ball, location: 2F 2-2: Ball 3-2: Fly out, F3 (Line Drive, 34)
|
Batting: RHB Chris Adams
|
0-0: Ball 1-0: Ball 2-0: Called Strike 2-1: Called Strike 2-2: Ball 3-2: Strikes out looking
|
Bottom of the 5th over - 0 runs, 0 hits, 0 errors, 0 left on base; Memphis 1 - Portland 2 |
TOP OF THE 6TH |
Memphis Redbirds batting - Pitching for Portland Privateers : RHP Gabe Lewis
|
Batting: RHB Stan Taylor
|
0-0: Ball 1-0: Swinging Strike 1-1: Foul Ball, location: 2F 1-2: Foul Ball, location: 2F 1-2: Strikes out swinging
|
Batting: LHB Milo Powers
|
0-0: Called Strike 0-1: Ball 1-1: Foul Ball, location: 2F 1-2: Ball 2-2: Foul Ball, location: 2F 2-2: Ball 3-2: Base on Balls
|
Pitching: RHP José García
|
|
Batting: SHB José Cruz
|
0-0: Ball 1-0: Called Strike 1-1: Called Strike 1-2: Foul Ball, location: 2F 1-2: Fly out, F3 (Line Drive, 34) Lined into DP, U3 (Line Drive, 34)
|
Top of the 6th over - 0 runs, 0 hits, 0 errors, 0 left on base; Memphis 1 - Portland 2 |
BOTTOM OF THE 6TH |
Portland Privateers batting - Pitching for Memphis Redbirds : RHP Ray Johnston
|
Batting: RHB Edward Holloway
|
0-0: Ball 1-0: Called Strike 1-1: Ball 2-1: Foul Ball, location: 2F 2-2: Ball 3-2: Base on Balls
|
Batting: SHB Héctor Jiménez
|
0-0: Fielders Choice at 2nd, 3-6 (Groundball, 34)
|
Batting: RHB Carlos Castro
|
0-0: Called Strike 0-1: Swinging Strike 0-2: Fly out, F8 (Flyball, 8RD)
|
Batting: LHB Yasuhiko Onodera
|
0-0: Ball 1-0: Foul Ball, location: 2F 1-1: Ground out U3 (Groundball, 34S)
|
Bottom of the 6th over - 0 runs, 0 hits, 0 errors, 1 left on base; Memphis 1 - Portland 2 |
TOP OF THE 7TH |
Memphis Redbirds batting - Pitching for Portland Privateers : RHP José García
|
Batting: SHB Javier Peña
|
0-0: Foul Ball, location: 2F 0-1: Ball 1-1: Swinging Strike 1-2: Foul Ball, location: 2F 1-2: Ball 2-2: SINGLE (Line Drive, 8LS)
|
Batting: RHB Will Sterling
|
0-0: Ball 1-0: Fly out, F8 (Line Drive, 8RM)
|
Batting: RHB Desi Thompson
|
0-0: Ball 1-0: Foul Ball, location: 2F 1-1: Called Strike 1-2: Ball Javier Peña is caught stealing 2nd base 2-2: Strikes out swinging
|
Top of the 7th over - 0 runs, 1 hit, 0 errors, 0 left on base; Memphis 1 - Portland 2 |
BOTTOM OF THE 7TH |
Portland Privateers batting - Pitching for Memphis Redbirds : RHP Ray Johnston
|
Batting: RHB Joe Bailey
|
0-0: Called Strike 0-1: Ball 1-1: Foul Ball, location: 2F 1-2: Ground out 4-3 (Groundball, 4)
|
Batting: SHB Patrick Larson
|
0-0: Swinging Strike 0-1: Ball 1-1: Ball 2-1: Ground out 6-3 (Groundball, 6)
|
Batting: LHB Jeff Dorney
|
0-0: Ball 1-0: Called Strike 1-1: Ball 2-1: Ball 3-1: Base on Balls
|
Pitching: RHP Luis Pérez
|
|
Pinch Hitting: LHB Arturo López
|
0-0: Ball 1-0: Ball 2-0: Ball 3-0: Called Strike 3-1: Called Strike 3-2: Ground out 4-3 (Groundball, 4)
|
Bottom of the 7th over - 0 runs, 0 hits, 0 errors, 1 left on base; Memphis 1 - Portland 2 |
TOP OF THE 8TH |
Memphis Redbirds batting - Pitching for Portland Privateers : RHP José García
|
Now at SS: Luis Manuel López
|
|
Batting: RHB Rusty Bennett
|
0-0: Ball 1-0: Fly out, F9 (Line Drive, 89M)
|
Batting: LHB Dudley Cooper
|
0-0: Ground out 4-3 (Groundball, 4)
|
Batting: SHB Lewis Woods
|
0-0: Ground out 6-3 (Groundball, 6)
|
Top of the 8th over - 0 runs, 0 hits, 0 errors, 0 left on base; Memphis 1 - Portland 2 |
BOTTOM OF THE 8TH |
Portland Privateers batting - Pitching for Memphis Redbirds : RHP Luis Pérez
|
Batting: RHB Chris Adams
|
0-0: Called Strike 0-1: Ball 1-1: Foul Ball, location: 2F 1-2: DOUBLE (Line Drive, 78M)
|
Batting: RHB Edward Holloway
|
0-0: Intentional Walk
|
Batting: SHB Héctor Jiménez
|
0-0: Hit by Pitch Chris Adams to third Edward Holloway to second
|
Batting: RHB Carlos Castro
|
0-0: Called Strike 0-1: Called Strike 0-2: Ball 1-2: Strikes out looking
|
Pitching: LHP Jeff Jackson
|
|
Batting: LHB Yasuhiko Onodera
|
0-0: Ball 1-0: Foul Ball, location: 2F 1-1: Ball 2-1: Foul Ball, location: 2F 2-2: Foul Ball, location: 2F 2-2: Foul Ball, location: 2F 2-2: Strikes out looking
|
Pitching: RHP Álex Villegas
|
|
Batting: RHB Joe Bailey
|
0-0: Called Strike 0-1: Ball 1-1: Swinging Strike 1-2: Ground out 6-3 (Groundball, 56D)
|
Bottom of the 8th over - 0 runs, 1 hit, 0 errors, 3 left on base; Memphis 1 - Portland 2 |
TOP OF THE 9TH |
Memphis Redbirds batting - Pitching for Portland Privateers : RHP José García
|
Pitching: LHP Josh Chamberlain
|
|
Batting: RHB Stan Taylor
|
0-0: Called Strike 0-1: Foul Ball, location: 2F 0-2: Fly out, F8 (Flyball, 8LD)
|
Batting: LHB Milo Powers
|
0-0: Called Strike 0-1: Fly out, F8 (Flyball, 8RD)
|
Pinch Hitting: SHB José López
|
0-0: Ball 1-0: Called Strike 1-1: Ball 2-1: Ball 3-1: Called Strike 3-2: Foul Ball, location: 2F 3-2: SOLO HOME RUN (Flyball, 9D), Distance : 389 ft
|
Batting: SHB Javier Peña
|
0-0: Swinging Strike 0-1: Ball 1-1: Swinging Strike 1-2: Strikes out looking
|
Top of the 9th over - 1 run, 1 hit, 0 errors, 0 left on base; Memphis 2 - Portland 2 |
BOTTOM OF THE 9TH |
Portland Privateers batting - Pitching for Memphis Redbirds : RHP Álex Villegas
|
Pitching: LHP Fred Villa
|
|
Now in CF: José López
|
|
Batting: SHB Patrick Larson
|
0-0: Ball 1-0: Fly out, F9 (Flyball, 9LM)
|
Pinch Hitting: RHB José Balina
|
0-0: Ball 1-0: Called Strike 1-1: Ball 2-1: Ball 3-1: Base on Balls
|
Pinch Hitting: SHB Jacob Knapp
|
0-0: Ball 1-0: Foul Ball, location: 2F 1-1: Called Strike 1-2: Foul Ball, location: 2F 1-2: Strikes out swinging
|
Batting: RHB Chris Adams
|
0-0: Foul Ball, location: 2F 0-1: Foul Ball, location: 2F 0-2: Strikes out swinging
|
Bottom of the 9th over - 0 runs, 0 hits, 0 errors, 1 left on base; Memphis 2 - Portland 2 |
TOP OF THE 10TH |
Memphis Redbirds batting - Pitching for Portland Privateers : LHP Josh Chamberlain
|
Now at SS: Rodney Birling
|
|
Now in RF: Jacob Knapp
|
|
Batting: RHB Will Sterling
|
0-0: Ball 1-0: Swinging Strike 1-1: Fly out, F8 (Flyball, 78XD)
|
Batting: RHB Desi Thompson
|
0-0: Ball 1-0: Called Strike 1-1: Ground out U3 (Groundball, 34S)
|
Batting: RHB Rusty Bennett
|
0-0: Ball 1-0: Called Strike 1-1: Ball 2-1: Foul Ball, location: 2F 2-2: Ball 3-2: Strikes out looking
|
Top of the 10th over - 0 runs, 0 hits, 0 errors, 0 left on base; Memphis 2 - Portland 2 |
BOTTOM OF THE 10TH |
Portland Privateers batting - Pitching for Memphis Redbirds : LHP Fred Villa
|
Batting: RHB Edward Holloway
|
0-0: Ball 1-0: Called Strike 1-1: Swinging Strike 1-2: Foul Ball, location: 2F 1-2: Strikes out looking
|
Batting: SHB Héctor Jiménez
|
0-0: Ball 1-0: Foul Ball, location: 2F 1-1: Ball 2-1: Fly out, F9 (Line Drive, 9)
|
Batting: RHB Carlos Castro
|
0-0: Ground out 3-1 (Groundball, 34S)
|
Bottom of the 10th over - 0 runs, 0 hits, 0 errors, 0 left on base; Memphis 2 - Portland 2 |
TOP OF THE 11TH |
Memphis Redbirds batting - Pitching for Portland Privateers : LHP Josh Chamberlain
|
Pitching: RHP Ricardo Ontiveros
|
|
Batting: LHB Dudley Cooper
|
0-0: Swinging Strike 0-1: Ball 1-1: Foul Ball, location: 2F 1-2: Ball 2-2: Ball 3-2: Fly out, F3 (Popup, 3SF)
|
Pinch Hitting: RHB James Stevens
|
0-0: Swinging Strike 0-1: Foul Ball, location: 2F 0-2: Fly out, F9 (Flyball, 9)
|
Batting: RHB Stan Taylor
|
0-0: Ball 1-0: Ball 2-0: Called Strike 2-1: Swinging Strike 2-2: Foul Ball, location: 2F 2-2: Foul Ball, location: 2F 2-2: Ground out 5-3 (Groundball, 5)
|
Top of the 11th over - 0 runs, 0 hits, 0 errors, 0 left on base; Memphis 2 - Portland 2 |
BOTTOM OF THE 11TH |
Portland Privateers batting - Pitching for Memphis Redbirds : LHP Fred Villa
|
Pitching: RHP Javier Pacheco
|
|
Now at 3B: James Stevens
|
|
Batting: LHB Yasuhiko Onodera
|
0-0: Foul Ball, location: 2F 0-1: Foul Ball, location: 2F 0-2: Ball 1-2: Foul Ball, location: 2F 1-2: Foul Ball, location: 2F 1-2: SINGLE (Flyball, 8LS)
|
Batting: RHB Joe Bailey
|
0-0: Ball 1-0: Bunted foul 1-1: Sac Bunt - play at first, batter OUT! 2-4 Yasuhiko Onodera to second
|
Batting: SHB Patrick Larson
|
0-0: Intentional Walk
|
Batting: SHB Rodney Birling
|
0-0: Ball 1-0: Called Strike 1-1: Ball 2-1: SINGLE (Flyball, 78M) Yasuhiko Onodera to third Patrick Larson to second
|
Batting: SHB Jacob Knapp
|
0-0: Ball 1-0: Ball 2-0: Ball 3-0: Called Strike 3-1: Called Strike 3-2: Fly out, F8 (Flyball, 89M)
|
Batting: RHB Chris Adams
|
0-0: Ground out 4-3 (Groundball, 4)
|
Bottom of the 11th over - 0 runs, 2 hits, 0 errors, 3 left on base; Memphis 2 - Portland 2 |
TOP OF THE 12TH |
Memphis Redbirds batting - Pitching for Portland Privateers : RHP Ricardo Ontiveros
|
Batting: LHB Milo Powers
|
0-0: Ball 1-0: Fly out, F8 (Line Drive, 89M)
|
Batting: SHB José López
|
0-0: Called Strike 0-1: Ball 1-1: Foul Ball, location: 2F 1-2: Strikes out swinging
|
Batting: SHB Javier Peña
|
0-0: Ball 1-0: Foul Ball, location: 2F 1-1: Ball 2-1: Foul Ball, location: 2F 2-2: Foul Ball, location: 2F 2-2: Strikes out swinging
|
Top of the 12th over - 0 runs, 0 hits, 0 errors, 0 left on base; Memphis 2 - Portland 2 |
BOTTOM OF THE 12TH |
Portland Privateers batting - Pitching for Memphis Redbirds : RHP Javier Pacheco
|
Batting: RHB Edward Holloway
|
0-0: Ball 1-0: Ball 2-0: Ball 3-0: Called Strike 3-1: Base on Balls
|
Batting: SHB Héctor Jiménez
|
0-0: Ball 1-0: Ball 2-0: Called Strike 2-1: Foul Ball, location: 2F 2-2: Foul Ball, location: 2F 2-2: Ball 3-2: Base on Balls Edward Holloway to second
|
Batting: RHB Carlos Castro
|
0-0: Called Strike Edward Holloway steals 3rd base 0-1: Called Strike 0-2: Foul Ball, location: 2F 0-2: Ball 1-2: Strikes out looking
|
Batting: LHB Yasuhiko Onodera
|
0-0: Ball 1-0: Called Strike 1-1: Fly out, F6 (Line Drive, 6)
|
Batting: RHB Joe Bailey
|
0-0: Ball 1-0: Ball 2-0: Called Strike 2-1: Fly out, F8 (Flyball, 8LD)
|
Bottom of the 12th over - 0 runs, 0 hits, 0 errors, 2 left on base; Memphis 2 - Portland 2 |
TOP OF THE 13TH |
Memphis Redbirds batting - Pitching for Portland Privateers : RHP Ricardo Ontiveros
|
Pitching: RHP Gerald Núñez
|
|
Batting: RHB Will Sterling
|
0-0: Ground out 4-3 (Groundball, 4)
|
Batting: RHB Desi Thompson
|
0-0: Ball 1-0: SINGLE (Line Drive, 8RS)
|
Batting: RHB Rusty Bennett
|
0-0: Ball 1-0: Fly out, F9 (Flyball, 9LSF)
|
Batting: LHB Dudley Cooper
|
0-0: Ball 1-0: Ball 2-0: Ball 3-0: Base on Balls Desi Thompson to second
|
Batting: RHB James Stevens
|
0-0: Ground out 4-3 (Groundball, 4)
|
Top of the 13th over - 0 runs, 1 hit, 0 errors, 2 left on base; Memphis 2 - Portland 2 |
BOTTOM OF THE 13TH |
Portland Privateers batting - Pitching for Memphis Redbirds : RHP Javier Pacheco
|
Batting: SHB Patrick Larson
|
0-0: Called Strike 0-1: Ball 1-1: Foul Ball, location: 2F 1-2: Ground out 6-3 (Groundball, 6)
|
Batting: SHB Rodney Birling
|
0-0: Ball 1-0: Fly out, F4 (Popup, 4)
|
Batting: SHB Jacob Knapp
|
0-0: Ball 1-0: SINGLE (Groundball, 34D)
|
Batting: RHB Chris Adams
|
0-0: Called Strike 0-1: Fielders Choice at 2nd, 5-4 (Groundball, 5)
|
Bottom of the 13th over - 0 runs, 1 hit, 0 errors, 1 left on base; Memphis 2 - Portland 2 |
TOP OF THE 14TH |
Memphis Redbirds batting - Pitching for Portland Privateers : RHP Gerald Núñez
|
Batting: RHB Stan Taylor
|
0-0: Ball 1-0: Ball 2-0: SINGLE (Line Drive, 4MD)
|
Batting: LHB Milo Powers
|
0-0: Ball 1-0: Swinging Strike 1-1: Ball 2-1: Foul Ball, location: 2F 2-2: SINGLE (Line Drive, 4MD) Stan Taylor to second
|
Batting: SHB José López
|
0-0: Called Strike 0-1: Foul Ball, location: 2F 0-2: 3-RUN HOME RUN (Line Drive, 7D), Distance : 383 ft
|
Pitching: RHP Dan Ford
|
|
Batting: SHB Javier Peña
|
0-0: Ball 1-0: Foul Ball, location: 2F 1-1: Foul Ball, location: 2F 1-2: Foul Ball, location: 2F 1-2: Ball 2-2: Ball 3-2: Base on Balls
|
Batting: RHB Will Sterling
|
0-0: Ball 1-0: Swinging Strike 1-1: Fly out, F8 (Flyball, 8RM)
|
Batting: RHB Desi Thompson
|
0-0: Ball 1-0: Foul Ball, location: 2F 1-1: Ball 2-1: Fly out, F3 (Line Drive, 3S)
|
Batting: RHB Rusty Bennett
|
0-0: Fly out, F5 (Line Drive, 56)
|
Top of the 14th over - 3 runs, 3 hits, 0 errors, 1 left on base; Memphis 5 - Portland 2 |
BOTTOM OF THE 14TH |
Portland Privateers batting - Pitching for Memphis Redbirds : RHP Javier Pacheco
|
Batting: RHB Edward Holloway
|
0-0: Ground out 4-3 (Groundball, 4M)
|
Batting: SHB Héctor Jiménez
|
0-0: Foul Ball, location: 2F 0-1: Ball 1-1: Ball 2-1: Foul Ball, location: 2F 2-2: Ball 3-2: Base on Balls
|
Pitching: RHP Juan Vázquez
|
|
Batting: RHB Carlos Castro
|
0-0: Called Strike 0-1: Ball 1-1: 2-RUN HOME RUN (Flyball, 7LD), Distance : 345 ft
|
Batting: LHB Yasuhiko Onodera
|
0-0: Ball 1-0: Ball 2-0: Ball 3-0: Called Strike 3-1: DOUBLE (Line Drive, 89XD)
|
Batting: RHB Joe Bailey
|
0-0: Swinging Strike 0-1: Ball 1-1: Ball 2-1: Ground out 6-3 (Groundball, 56)
|
Batting: SHB Patrick Larson
|
0-0: Ball 1-0: Ground out U3 (Groundball, 3)
|
Bottom of the 14th over - 2 runs, 2 hits, 0 errors, 1 left on base; Memphis 5 - Portland 4 |
|